MLB
COLORADO ROCKIES @ CINCINNATI REDS
09/09/2045
 
TOP OF THE 1ST
Colorado Rockies batting - Pitching for Cincinnati Reds : LHP Dave Rivera
Pitching: LHP Dave Rivera
Batting: RHB Roberto Rodriguez 0-0: Ball
1-0: Foul Ball, location: 2F
1-1: DOUBLE (Flyball, 8RXD, EV 113.8 MPH)
Batting: RHB Chad Thompson 0-0: Called Strike
0-1: Ball
1-1: Ball
2-1: Ball
3-1: Base on Balls
Batting: SHB Chris Blue 0-0: Ball
1-0: Called Strike
1-1: Ball
2-1: Ball
3-1: Foul Ball, location: 2F
3-2: Base on Balls
Roberto Rodriguez to third
Chad Thompson to second
Batting: RHB Jason Andrews 0-0: Foul Ball, location: 2F
0-1: Swinging Strike
0-2: Strikes out swinging
Batting: RHB Joel Haycock 0-0: Called Strike
0-1: Ball
1-1: Ball
2-1: Ball
3-1: Base on Balls
Roberto Rodriguez scores
Chad Thompson to third
Chris Blue to second
Batting: SHB Jon Munoz 0-0: Called Strike
0-1: Foul Ball, location: 2F
0-2: Strikes out looking
Batting: RHB Wen-hua Lei 0-0: Ball
1-0: Foul Ball, location: 2F
1-1: Ball
2-1: Ground out U3 (Groundball, 34S, EV 81.2 MPH)
Top of the 1st over - 1 run, 1 hit, 0 errors, 3 left on base; Colorado 1 - Cincinnati 0
BOTTOM OF THE 1ST
Cincinnati Reds batting - Pitching for Colorado Rockies : RHP Link Zeller
Pitching: RHP Link Zeller
Batting: RHB Willie Lazcano 0-0: Foul Ball, location: 2F
0-1: Ball
1-1: Ball
2-1: Ball
3-1: SINGLE (Flyball, 5D, EV 86.2 MPH)
Batting: LHB Sean Geisler 0-0: Ball
1-0: DOUBLE (Line Drive, 9LS, EV 93.1 MPH)
Willie Lazcano to third
Runner from 3rd tries for Home, SAFE, throw by RF to trailing runner, OUT at third! 9-3-5
Batting: SHB Dave Barefoot 0-0: SINGLE (Line Drive, 7LS, EV 90.0 MPH)
Batting: SHB Saulo Maina 0-0: SINGLE (Groundball, 4MD, EV 100.6 MPH)
Dave Barefoot to second
Runner from 2nd tries for 3rd, SAFE, throw by CF made to third
Batting: RHB Bruno André 0-0: Called Strike
0-1: Foul Ball, location: 2F
0-2: Strikes out swinging
Batting: RHB Fred Slade 0-0: Ball
1-0: Fielders Choice at 2nd, 6-4 (Groundball, 56, EV 81.2 MPH)
Bottom of the 1st over - 1 run, 4 hits, 0 errors, 2 left on base; Colorado 1 - Cincinnati 1
TOP OF THE 2ND
Colorado Rockies batting - Pitching for Cincinnati Reds : LHP Dave Rivera
Batting: RHB Devine Adams 0-0: Swinging Strike
0-1: Fly out, F9 (Line Drive, 9, EV 110.0 MPH)
Batting: LHB Fabiano Perrolas 0-0: Fly out, F9 (Line Drive, 9, EV 100.0 MPH)
Batting: RHB Roberto Rodriguez 0-0: Ball
1-0: Ball
2-0: Ball
3-0: Called Strike
3-1: DOUBLE (Line Drive, 7LM, EV 95.6 MPH)
Batting: RHB Chad Thompson 0-0: Foul Ball, location: 2F
0-1: Ball
1-1: Ball
2-1: Foul Ball, location: 2F
2-2: Ball
3-2: Foul Ball, location: 2F
3-2: Strikes out looking
Top of the 2nd over - 0 runs, 1 hit, 0 errors, 1 left on base; Colorado 1 - Cincinnati 1
BOTTOM OF THE 2ND
Cincinnati Reds batting - Pitching for Colorado Rockies : RHP Link Zeller
Batting: LHB Satoru Handa 0-0: Ball
1-0: Ball
2-0: Called Strike
2-1: Called Strike
2-2: Strikes out swinging
Batting: RHB Joseph Kirchmann 0-0: Ball
1-0: Ball
2-0: Called Strike
2-1: Ball
3-1: Foul Ball, location: 2F
3-2: Strikes out looking
Batting: RHB Omar Quintana 0-0: Ground out 4-3 (Groundball, 34, EV 86.9 MPH)
Bottom of the 2nd over - 0 runs, 0 hits, 0 errors, 0 left on base; Colorado 1 - Cincinnati 1
TOP OF THE 3RD
Colorado Rockies batting - Pitching for Cincinnati Reds : LHP Dave Rivera
Batting: SHB Chris Blue 0-0: Ball
1-0: Ball
2-0: Called Strike
2-1: Ball
3-1: Base on Balls
Batting: RHB Jason Andrews 0-0: Fielders Choice at 2nd, 5-4 (Groundball, 56, EV 98.1 MPH)
Batting: RHB Joel Haycock 0-0: Called Strike
0-1: Ball
1-1: Swinging Strike
1-2: Grounds into double play, 4-6-3 (Groundball, 34, EV 80.0 MPH)
Top of the 3rd over - 0 runs, 0 hits, 0 errors, 0 left on base; Colorado 1 - Cincinnati 1
BOTTOM OF THE 3RD
Cincinnati Reds batting - Pitching for Colorado Rockies : RHP Link Zeller
Batting: RHB Willie Lazcano 0-0: SINGLE (Flyball, 7LS, EV 80.6 MPH)
Batting: LHB Sean Geisler 0-0: Ball
1-0: Foul Ball, location: 2F
1-1: Ball
2-1: Called Strike
2-2: SINGLE (Groundball, 25, EV 65.0 MPH) (infield hit)
Willie Lazcano to second
Batting: SHB Dave Barefoot 0-0: Ball
1-0: Foul Ball, location: 2F
1-1: SINGLE (Groundball, 4MD, EV 96.9 MPH)
Willie Lazcano to third
Sean Geisler to second
Runner from 3rd tries for Home, SAFE, throw by CF to home
Batting: SHB Saulo Maina 0-0: Ball
1-0: Ball
2-0: Grounds into double play, 4-6-3 (Groundball, 4, EV 86.2 MPH)
Sean Geisler to third
Batting: RHB Bruno André 0-0: Ball
1-0: Called Strike
1-1: Ball
2-1: Ball
3-1: Base on Balls
Batting: RHB Fred Slade 0-0: Ball
1-0: Ball
2-0: Foul Ball, location: 2F
2-1: Ball
3-1: Foul Ball, location: 2F
3-2: SINGLE (Groundball, 56D, EV 100.0 MPH)
Sean Geisler scores
Bruno André to second
Bruno André to third
Batting: LHB Satoru Handa 0-0: Ball
1-0: Called Strike
1-1: Called Strike
1-2: Foul Ball, location: 2F
1-2: Ball
2-2: Foul Ball, location: 2F
2-2: Ground out U3 (Groundball, 34, EV 80.0 MPH)
Bottom of the 3rd over - 2 runs, 4 hits, 0 errors, 2 left on base; Colorado 1 - Cincinnati 3
TOP OF THE 4TH
Colorado Rockies batting - Pitching for Cincinnati Reds : LHP Dave Rivera
Batting: SHB Jon Munoz 0-0: Ball
1-0: Foul Ball, location: 2F
1-1: Foul Ball, location: 2F
1-2: SINGLE (Groundball, 6D, EV 103.8 MPH)
Batting: RHB Wen-hua Lei 0-0: Called Strike
0-1: Ball
1-1: SINGLE (Groundball, 34, EV 101.2 MPH)
Jon Munoz to second
Runner from 2nd tries for 3rd, SAFE, throw by RF made to third
Wen-hua Lei to second
Batting: RHB Devine Adams 0-0: Ground out 6-3 (Groundball, 6MS, EV 87.5 MPH)
Jon Munoz scores
Wen-hua Lei to third
Batting: LHB Fabiano Perrolas 0-0: Ground out 3-1 (Groundball, 34, EV 85.6 MPH)
Wen-hua Lei scores
Batting: RHB Roberto Rodriguez 0-0: Ball
1-0: Ground out 5-3 (Groundball, 56, EV 106.9 MPH)
Top of the 4th over - 2 runs, 2 hits, 0 errors, 0 left on base; Colorado 3 - Cincinnati 3
BOTTOM OF THE 4TH
Cincinnati Reds batting - Pitching for Colorado Rockies : RHP Link Zeller
Batting: RHB Joseph Kirchmann 0-0: Ball
1-0: Called Strike
1-1: Foul Ball, location: 2F
1-2: Foul Ball, location: 2F
1-2: Fly out, F8 (Flyball, 89XD, EV 99.4 MPH)
Batting: RHB Omar Quintana 0-0: Ball
1-0: Swinging Strike
1-1: Called Strike
1-2: Strikes out looking
Batting: RHB Willie Lazcano 0-0: Foul Ball, location: 2F
0-1: Foul Ball, location: 2F
0-2: Ground out 5-3 (Groundball, 56S, EV 79.4 MPH)
Bottom of the 4th over - 0 runs, 0 hits, 0 errors, 0 left on base; Colorado 3 - Cincinnati 3
TOP OF THE 5TH
Colorado Rockies batting - Pitching for Cincinnati Reds : LHP Dave Rivera
Batting: RHB Chad Thompson 0-0: Ball
1-0: Ball
2-0: Ball
3-0: Foul Ball, location: 2F
3-1: Fly out, F7 (Flyball, 7, EV 75.6 MPH)
Batting: SHB Chris Blue 0-0: Ball
1-0: Called Strike
1-1: Called Strike
1-2: Fly out, F9 (Flyball, 89S, EV 81.2 MPH)
Batting: RHB Jason Andrews 0-0: Called Strike
0-1: Fly out, F7 (Flyball, 7D, EV 101.9 MPH)
Top of the 5th over - 0 runs, 0 hits, 0 errors, 0 left on base; Colorado 3 - Cincinnati 3
BOTTOM OF THE 5TH
Cincinnati Reds batting - Pitching for Colorado Rockies : RHP Link Zeller
Batting: LHB Sean Geisler 0-0: Ball
1-0: Fly out, F8 (Flyball, 8LD, EV 91.2 MPH)
Batting: SHB Dave Barefoot 0-0: Ball
1-0: Foul Ball, location: 2F
1-1: Ball
2-1: Foul Ball, location: 2F
2-2: Strikes out swinging
Batting: SHB Saulo Maina 0-0: Called Strike
0-1: Called Strike
0-2: SOLO HOME RUN (Flyball, 89XD, EV 100.6 MPH), Distance : 386 ft
Batting: RHB Bruno André 0-0: Called Strike
0-1: Ground out 6-3 (Groundball, 6, EV 88.8 MPH)
Bottom of the 5th over - 1 run, 1 hit, 0 errors, 0 left on base; Colorado 3 - Cincinnati 4
TOP OF THE 6TH
Colorado Rockies batting - Pitching for Cincinnati Reds : LHP Dave Rivera
Batting: RHB Joel Haycock 0-0: Swinging Strike
0-1: Called Strike
0-2: Fly out, F7 (Flyball, 78XD, EV 96.9 MPH)
Batting: SHB Jon Munoz 0-0: Swinging Strike
0-1: Foul Ball, location: 2F
0-2: Ball
1-2: Ball
2-2: Ground out 3-1 (Groundball, 3L, EV 103.8 MPH)
Batting: RHB Wen-hua Lei 0-0: Ground out 5-3 (Groundball, 5, EV 84.4 MPH)
Top of the 6th over - 0 runs, 0 hits, 0 errors, 0 left on base; Colorado 3 - Cincinnati 4
BOTTOM OF THE 6TH
Cincinnati Reds batting - Pitching for Colorado Rockies : RHP Link Zeller
Batting: RHB Fred Slade 0-0: Swinging Strike
0-1: Ball
1-1: Called Strike
1-2: Ball
2-2: Ball
3-2: Base on Balls
Batting: LHB Satoru Handa 0-0: Called Strike
0-1: Ball
1-1: Called Strike
1-2: Ball
2-2: Strikes out swinging
Batting: RHB Joseph Kirchmann 0-0: Called Strike
0-1: Fly out, F8 (Flyball, 89M, EV 90.0 MPH)
Batting: RHB Omar Quintana 0-0: Called Strike
0-1: Ball
1-1: Ball
2-1: Ball
3-1: Ground out 4-3 (Groundball, 34, EV 88.8 MPH)
Bottom of the 6th over - 0 runs, 0 hits, 0 errors, 1 left on base; Colorado 3 - Cincinnati 4
TOP OF THE 7TH
Colorado Rockies batting - Pitching for Cincinnati Reds : LHP Dave Rivera
Batting: RHB Devine Adams 0-0: Called Strike
0-1: Ball
1-1: SINGLE (Groundball, 4M, EV 108.8 MPH) (infield hit)
Batting: LHB Fabiano Perrolas 0-0: Fly out, F8 (Flyball, 78D, EV 95.0 MPH)
Batting: RHB Roberto Rodriguez 0-0: Ball
1-0: Ball
2-0: Called Strike
2-1: Swinging Strike
2-2: Foul Ball, location: 2F
2-2: Foul Ball, location: 2F
2-2: Strikes out swinging
Batting: RHB Chad Thompson 0-0: Ball
1-0: Ball
2-0: Called Strike
2-1: Swinging Strike
2-2: Foul Ball, location: 2F
2-2: SINGLE (Line Drive, 89S, EV 106.9 MPH)
Devine Adams to second
Runner from 2nd tries for 3rd, OUT! 8-5
Top of the 7th over - 0 runs, 2 hits, 0 errors, 1 left on base; Colorado 3 - Cincinnati 4
BOTTOM OF THE 7TH
Cincinnati Reds batting - Pitching for Colorado Rockies : RHP Link Zeller
Batting: RHB Willie Lazcano 0-0: Ball
1-0: Called Strike
1-1: Ball
2-1: Foul Ball, location: 2F
2-2: Ground out 4-3 (Groundball, 4, EV 93.1 MPH)
Pitching: RHP Mike Chapman
Batting: LHB Sean Geisler 0-0: Ground out 5-3 (Groundball, 6, EV 105.0 MPH)
Batting: SHB Dave Barefoot 0-0: Ground out 4-3 (Groundball, 4, EV 105.0 MPH)
Bottom of the 7th over - 0 runs, 0 hits, 0 errors, 0 left on base; Colorado 3 - Cincinnati 4
TOP OF THE 8TH
Colorado Rockies batting - Pitching for Cincinnati Reds : LHP Dave Rivera
Pitching: RHP Westin Silveira
Batting: SHB Chris Blue 0-0: Foul Ball, location: 2F
0-1: Fly out, F7 (Flyball, 78M, EV 89.4 MPH)
Batting: RHB Jason Andrews 0-0: Called Strike
0-1: Ball
1-1: Foul Ball, location: 2F
1-2: Ball
2-2: Strikes out swinging
Batting: RHB Joel Haycock 0-0: Called Strike
0-1: Swinging Strike
0-2: Strikes out swinging
Top of the 8th over - 0 runs, 0 hits, 0 errors, 0 left on base; Colorado 3 - Cincinnati 4
BOTTOM OF THE 8TH
Cincinnati Reds batting - Pitching for Colorado Rockies : RHP Mike Chapman
Batting: SHB Saulo Maina 0-0: Called Strike
0-1: Foul Ball, location: 2F
0-2: Fly out, F9 (Flyball, 9, EV 93.1 MPH)
Batting: RHB Bruno André 0-0: Ball
1-0: Called Strike
1-1: Ball
2-1: Ball
3-1: Base on Balls
Batting: RHB Fred Slade 0-0: Ball
1-0: Fly out, F9 (Flyball, 89XD, EV 103.8 MPH)
Batting: LHB Satoru Handa 0-0: Ball
1-0: Foul Ball, location: 2F
1-1: Foul Ball, location: 2F
1-2: Strikes out swinging
Bottom of the 8th over - 0 runs, 0 hits, 0 errors, 1 left on base; Colorado 3 - Cincinnati 4
TOP OF THE 9TH
Colorado Rockies batting - Pitching for Cincinnati Reds : RHP Westin Silveira
Pitching: RHP Ryan Terlizzi
Batting: SHB Jon Munoz 0-0: Called Strike
0-1: Hit by Pitch
Batting: RHB Wen-hua Lei 0-0: Ball
1-0: Ball
2-0: Ball
3-0: Called Strike
3-1: Bunted foul
3-2: Ground out 5-3 (Groundball, 56, EV 85.6 MPH)
Jon Munoz to second
Pinch Hitting: SHB Dan Hill 0-0: Ball
1-0: Swinging Strike
1-1: Foul Ball, location: 2F
1-2: Ground out 4-3 (Groundball, 34, EV 91.2 MPH)
Jon Munoz to third
Batting: LHB Fabiano Perrolas 0-0: Ball
1-0: Ball
2-0: Ball
3-0: Base on Balls
Batting: RHB Roberto Rodriguez 0-0: Ball
1-0: Foul Ball, location: 2F
1-1: Foul Ball, location: 2F
1-2: DOUBLE (Groundball, 5L, EV 100.6 MPH)
Jon Munoz scores
Fabiano Perrolas to third
Runner from 3rd tries for Home, SAFE, no throw by LF
Batting: RHB Chad Thompson 0-0: DOUBLE (Line Drive, 9LS, EV 90.0 MPH)
Roberto Rodriguez scores
Batting: SHB Chris Blue 0-0: Called Strike
0-1: Called Strike
0-2: Ball
1-2: Ball
2-2: Ball
3-2: Foul Ball, location: 2F
3-2: Ground out 3-1 (Groundball, 34, EV 104.4 MPH)
Top of the 9th over - 3 runs, 2 hits, 0 errors, 1 left on base; Colorado 6 - Cincinnati 4
BOTTOM OF THE 9TH
Cincinnati Reds batting - Pitching for Colorado Rockies : RHP Mike Chapman
Pitching: RHP Mario Arce
Now at 1B: Dan Hill
Now in CF: Kian-tat Chen
Batting: RHB Joseph Kirchmann 0-0: Ball
1-0: Called Strike
1-1: Called Strike
1-2: Ball
2-2: Foul Ball, location: 2F
2-2: DOUBLE (Groundball, 5L, EV 105.6 MPH)
Pinch Hitting: LHB Jesus Lozano 0-0: Foul Ball, location: 2F
0-1: Ball
1-1: Called Strike
1-2: Ball
2-2: Strikes out looking
Pinch Hitting: LHB Chris Grunwald 0-0: Swinging Strike
0-1: SINGLE (Flyball, 5D, EV 86.9 MPH)
Joseph Kirchmann to third
Batting: LHB Sean Geisler 0-0: Swinging Strike
0-1: Ball
1-1: Ball
2-1: Ball
3-1: Fly out, F6 (Popup, 6M, EV 64.4 MPH)
Batting: SHB Dave Barefoot 0-0: Called Strike
0-1: Ball
1-1: Ball
2-1: Ground out 5-3 (Groundball, 56, EV 100.0 MPH)
Bottom of the 9th over - 0 runs, 2 hits, 0 errors, 2 left on base; Colorado 6 - Cincinnati 4
Wednesday, June 22nd , 2022 - OOTP Baseball 23.4 Build 64